 Dungeon Crawl Stone Soup version 0.29.1-15-g9cfb28693d (webtiles) character file.

Game seed: 6265010206709864715

529 H0rd4k the Insei (level 7, 0/46 HPs)
             Began as an Octopode Artificer on Mar 22, 2023.
             Was an Initiate of Gozag.
             Succumbed to a killer bee's poison
             ... on level 6 of the Dungeon.
             The game lasted 00:03:08 (6357 turns).

H0rd4k the Insei (Octopode Artificer)               Turns: 6357, Time: 00:03:08

Health: 0/46       AC:  1    Str: 11    XL:     7   Next: 23%
Magic:  12/12      EV: 13    Int: 15    God:    Gozag
Gold:   230        SH:  0    Dex: 13    Spells: 12/12 levels left

rFire   + . .      SeeInvis .     - Unarmed
rCold   . . .      Faith    .   (no shield)
rNeg    . . .      Spirit   .   (helmet restricted)
rPois   .          Reflect  .   (no amulet)
rElec   .          Harm     .   v - ring of protection from fire
rCorr   .          Rampage  .   A - ring of wizardry
Will    .....                   (no ring)
Stlth   +++.......              (no ring)
HPRegen 0.15/turn               (no ring)
MPRegen 0.13/turn               (no ring)
                                (no ring)
                                (no ring)

@: lethally poisoned (0 -> -20), flying
A: almost no armour, amphibious, 8 rings, camouflage 1, gelatinous body 1,
(nimble swimmer 1), tentacles
a: Renounce Religion, Potion Petition, Call Merchant, Bribe Branch


You were on level 6 of the Dungeon.
You worshipped Gozag.
Gozag was aware of your devotion.
You visited 2 branches of the dungeon, and saw 7 of its levels.

You collected 278 gold pieces.
You paid 48 gold pieces to Gozag.

Inventory:

Missiles
 k - 5 poisoned darts
 z - 5 curare-tipped darts
Jewellery
 v - a ring of protection from fire (left tentacle)
 A - a ring of wizardry (right tentacle)
Wands
 b - a wand of flame (13) (quivered)
 c - a wand of charming (16)
 d - a wand of iceblast (4)
 n - a wand of mindburst (12)
 p - a wand of roots (12)
Scrolls
 a - 2 scrolls of fear {unknown}
 e - 4 scrolls of enchant armour {unknown}
 f - a scroll of acquirement {unknown}
 i - 6 scrolls of identify {unknown}
 j - 2 scrolls of poison {unknown}
 l - a scroll of vulnerability {unknown}
 q - a scroll of butterflies {unknown}
 s - a scroll of torment {unknown}
 y - a scroll of blinking {unknown}
 B - a scroll of teleportation {unknown}
Potions
 g - 2 potions of resistance {unknown}
 h - 2 potions of flight
 m - 2 potions of magic {unknown}
 o - a potion of berserk rage {unknown}
 r - a potion of brilliance {unknown}
 t - 2 potions of mutation {unknown}
 u - 2 potions of might {unknown}
 w - 2 potions of curing {unknown}
 x - a potion of invisibility {unknown}


   Skills:
 + Level 3.2 Fighting
 - Level 2.3 Dodging
 - Level 1.3 Stealth
 + Level 5.1 Unarmed Combat
 * Level 3.3 Spellcasting
 - Level 3.2 Evocations


You had 12 spell levels left.
You didn't know any spells.
Your spell library contained the following spells:

 Spells                   Type           Power      Damage    Failure   Level
 Summon Small Mammal      Summ           8%         N/A       8%          1
 Call Canine Familiar     Summ           2%         N/A       22%         3
 Conjure Flame            Conj/Fire      2%         6-21      22%         3
 Ignite Poison            Fire/Tmut/Pois 2%         N/A       22%         3
 Ozocubu's Armour         Ice            2%         N/A       22%         3
 Summon Guardian Golem    Hex/Summ       2%         N/A       22%         3
 Sticky Flame             Conj/Fire      2%         2d3       56%         4
 Blade Hands              Tmut           1%         N/A       88%         5
 Irradiate                Conj/Tmut      1%         3d12      88%         5
 Iron Shot                Conj/Erth      1%         9d1       100%        6
 Dragon Form              Tmut           1%         N/A       100%        7
 Ozocubu's Refrigeration  Ice            1%         4d7       100%        7
 Animate Armour           Summ/Erth      Unusable   N/A       N/A         4

Dungeon Overview and Level Annotations

Branches:
Dungeon (6/15)             Temple (1/1) D:4

Altars:
Ashenzari
Cheibriados
Gozag
Makhleb
Nemelex Xobeh
Okawaru
Sif Muna
Uskayaw
Xom

Shops:
D:4 !

Annotations:
D:4 exclusion: sky beast


Innate Abilities, Weirdness & Mutations

You cannot wear most types of armour.
You are amphibious.
You can wear up to eight rings at the same time.
Your skin changes colour to match your surroundings (Stealth+).
Your rubbery body absorbs attacks. (AC +1, EV +1)
((You are camouflaged when in or above water. (Stealth+)))
You have tentacles for arms and can constrict up to eight enemies at once.


Message History

You miss the killer bee.
The killer bee buzzes angrily.
Your grab misses the killer bee.
You hear an angry buzzing noise. x2
The killer bee stings you!
You are poisoned.
The killer bee poisons you! The killer bee closely misses you.
You hear an angry buzzing noise.
You closely miss the killer bee. Your grab misses the killer bee.
You feel very sick. The killer bee stings you.
You are more poisoned.
The killer bee poisons you!
You tentacle-slap the killer bee. You grab the killer bee.
You squeeze the killer bee.
The killer bee is moderately wounded.
You constrict the killer bee.
You feel very sick. The killer bee closely misses you.
The killer bee stings you.
You tentacle-slap the killer bee but do no damage.
Your squeeze misses the killer bee.
The killer bee is moderately wounded.
You constrict the killer bee, but do no damage.
You feel very sick. The killer bee stings you. The killer bee stings you!
* * * LOW HITPOINT WARNING * * *
You are more poisoned.
The killer bee poisons you!
Aiming: Charm
Press: ? - help, Shift-Dir - straight line, f - killer bee
Aim: a killer bee (moderately wounded, constricted by you, chance to affect: 66%)
The killer bee is charmed.
You release your grip on your killer bee.
* * * LOW HITPOINT WARNING * * *
You feel very sick.
It was a potion of flight.
You feel very buoyant.
You fly up into the air.
You die...
Your body crumbles into a pile of gold.

# ## #?#####..#
#...y...# #@# #.#
############.#
#.........##.#
#.#######.##.# #.#
#####.##.#### #.#
#...........#
#.###.##........#
#.........#...#.###


You could see a friendly killer bee (charmed).

Vanquished Creatures
  2 black bears
  A necrophage (D:5)
  A scorpion (D:4)
  4 hounds
  Terence (D:3)
  2 adders
  A white imp (D:5)
  3 dart slugs
  7 orcs
  7 giant cockroaches
  5 goblins
  6 hobgoblins
  8 kobolds
  2 quokkas
  6 ball pythons
  3 bats (D:1)
  3 frilled lizards
  3 rats
65 creatures vanquished.

Vanquished Creatures (collateral kills)
  A ball python (D:3)
1 creature vanquished.

Vanquished Creatures (others)
  A hound (D:5)
1 creature vanquished.

Grand Total: 67 creatures vanquished

Notes
Turn   | Place    | Note
-------+----------+-------------------------------------------
     0 | D:1      | H0rd4k the Octopode Artificer began the quest for the Orb.
     0 | D:1      | Reached XP level 1. HP: 13/13 MP: 1/1
   398 | D:1      | Reached skill level 1 in Spellcasting
   407 | D:1      | Reached XP level 2. HP: 8/18 MP: 3/3
  1211 | D:1      | Found a faded altar of an unknown god.
  1966 | D:2      | Reached XP level 3. HP: 18/24 MP: 5/5
  1980 | D:2      | Reached skill level 1 in Unarmed Combat
  2474 | D:3      | Noticed Terence
  2515 | D:3      | Killed Terence
  2516 | D:3      | Reached XP level 4. HP: 15/29 MP: 6/6
  3111 | D:3      | Reached skill level 2 in Unarmed Combat
  3281 | D:3      | You fall into a shaft and drop 2 floors!
  3281 | D:5      | Entered Level 5 of the Dungeon
  3708 | D:4      | Reached XP level 5. HP: 20/35 MP: 8/8
  3942 | D:4      | Found a staircase to the Ecumenical Temple.
  4077 | Temple   | Entered the Ecumenical Temple
  4120 | Temple   | Became a worshipper of Gozag Ym Sagoz the Greedy
  4312 | D:4      | Reached skill level 3 in Unarmed Combat
  5002 | D:4      | Noticed a sky beast
  5024 | D:4      | Found Ykunilech's Distillery.
  5136 | D:4      | Reached XP level 6. HP: 41/41 MP: 10/10
  5769 | D:5      | Reached skill level 4 in Unarmed Combat
  5898 | D:5      | Noticed a black bear
  5912 | D:5      | Killed a black bear
  6062 | D:5      | Reached XP level 7. HP: 42/46 MP: 11/11
  6261 | D:6      | Reached skill level 5 in Unarmed Combat
  6357 | D:6      | Succumbed to a killer bee's poison

Illustrated notes

Levels and vault maps discovered:
D:1:      heliophobic_arrival_dark_side_of_the_moon, layout_loops_ring,
          serial_rivers, chequers_serial_rivers_small_3,
          chequers_serial_rivers_small_b, chequers_serial_rivers_room_a,
          chequers_serial_rivers_large_b, chequers_serial_rivers_micro_c,
          dreamdust_ecumenical_altar_hidden_monk_grotto
D:2:      layout_rooms
D:3:      layout_basic, uniq_terence
D:4:      layout_loops_cross, minmay_temple_entry_waves, serial_shops, shop,
          serial_co_window_serial, co_window_paths_a, co_window_paths_a,
          co_window_of_opportunity_a, co_window_paths_b, co_window_paths_a,
          co_window_2corner, co_window_of_opportunity_b, co_window_broadway_c,
          co_window_broadway_a, co_window_sun, glass_columns_b, glass_columns_a,
          glass_columns_b, glass_columns_a, glass_columns_b, kennysheep_nub,
          kennysheep_generic_room_4
D:5:      layout_loops_ring
D:6:      layout_loops_corners, kennysheep_vampire_church
Temple:   compressed_dpeg_triangle_lava_temple

Skill      XL: |  1  2  3  4  5  6  7 |
---------------+----------------------+-----
Spellcasting   | 1 2 3 |  3.3
Unarmed Combat | 1 2 3 4 5 |  5.1
Fighting       | 2 3 |  3.2
Dodging        | |  2.3
Stealth        | |  1.3
Evocations     | |  3.2

Action                   |  1- 3 |  4- 6 |  7- 9 || total
-------------------------+-------+-------+-------++-------
Melee: Unarmed           |    89 |   103 |     8 ||   200
       Constrict         |    28 |    24 |     2 ||    54
       Tentacles         |    14 |    25 |     3 ||    42
       Punch             |     1 |     4 |     1 ||     6
Evoke: Wand              |     4 |     2 |     1 ||     7
  Use: Potion            |       |       |     1 ||     1
 Stab: Sleeping          |    10 |     5 |       ||    15
Armor: Skin              |     6 |     4 |       ||    10
Dodge: Dodged            |    49 |    49 |     6 ||   104
